 Dungeon Crawl Stone Soup version 0.31.0-32-g396128a36d (webtiles) character file.

Game seed: 17984719785969409065

25 GiantSquids the Chopper (level 3, 0/31 HPs)
             Began as a Hill Orc Fighter on Apr 17, 2024.
             Slain by a gnoll
             ... wielding a +0 flail
              (5 damage)
             ... on level 2 of the Dungeon.
             The game lasted 00:01:47 (802 turns).

GiantSquids the Chopper (Hill Orc Fighter)           Turns: 802, Time: 00:01:48

Health: 0/31       AC:  8    Str: 20    XL:     3   Next: 6%
Magic:  3/3        EV:  9    Int:  8    God:
Gold:   34         SH:  4    Dex: 10    Spells: 2/2 levels left

rFire   . . .        a - +0 war axe
rCold   . . .        c - +0 buckler
rNeg    . . .        b - +0 scale mail
rPois   .            e - +2 hat
rElec   .            (no cloak)
rCorr   .            (no gloves)
SInv    .            (no boots)
Will    .....        (no amulet) Stlth
                     (no ring)
HPRegen 0.25/turn    (no ring)
MPRegen 0.08/turn

%: no passive effects
@: no status effects
A: no striking features
a: no special abilities


You were on level 2 of the Dungeon.
You visited 1 branch of the dungeon, and saw 2 of its levels.

You collected 34 gold pieces.

Inventory:

Hand Weapons
 a - a +0 war axe (weapon)
Armour
 b - a +0 scale mail (worn)
 c - a +0 buckler (worn)
 e - a +2 hat (worn)
Scrolls
 g - a scroll of vulnerability {unknown}
 h - 4 scrolls of identify {unknown}
 i - a scroll of teleportation {unknown}
Potions
 d - a potion of might
 f - a potion of mutation {unknown}


   Skills:
 - Level 3.6 Fighting
 + Level 4.6 Axes
 - Level 3.2 Armour
 - Level 3.2 Shields


You had 2 spell levels left.
You didn't know any spells.
Your spell library was empty.

Dungeon Overview and Level Annotations

Branches:
Dungeon (2/15)

Altars:


Message History

Found 4 stones.
There is an open door here.
Found a robe.
Found a spear.
h - 4 scrolls labelled JEFADD MAGUOLI (gained 2)
You open the door.
There is an open door here.
You now have 34 gold pieces (gained 13).
There is an open door here.
Found 6 stones.
Done exploring.
There is a stone staircase leading down here.
You climb downwards.
Found a stone staircase leading up.
There is a stone staircase leading up here. 2 gnolls come into view.
The gnoll hits you with a +0 flail. The gnoll barely misses you.
The gnoll hits you with a +0 flail! The gnoll hits you but does no damage.
You hit the gnoll.
The gnoll is moderately wounded.
You closely miss the gnoll. The gnoll completely misses you.
The gnoll hits you with a +0 spear.
You slash the gnoll!
The gnoll is almost dead.
You hit the gnoll but do no damage. You block the gnoll's attack.
The gnoll hits you with a +0 spear.
You barely miss the gnoll.
The gnoll is almost dead.
You barely miss the gnoll. You block the gnoll's attack.
The gnoll hits you with a +0 spear.
You closely miss the gnoll.
The gnoll is almost dead.
You hit the gnoll. You block the gnoll's attack.
The gnoll hits you with a +0 spear!
* * * LOW HITPOINT WARNING * * *
You block the gnoll's attack. The gnoll hits you but does no damage.
You slash the gnoll!
You kill the gnoll!
You hit the gnoll but do no damage. The gnoll hits you with a +0 flail.
You die...

###########
#..........
#.<....#
#....#
#..#<#
#..### #@g#
#).# .....
#######


You could see a gnoll.

Vanquished Creatures
  A gnoll (D:2)
  2 ball pythons (D:1)
  2 endoplasms (D:1)
  A giant cockroach (D:1)
  A goblin (D:1)
  2 hobgoblins (D:1)
  4 jackals (D:1)
  A quokka (D:1)
  A bat (D:1)
  3 frilled lizards (D:1)
  4 kobolds (D:1)
  A rat (D:1)
23 creatures vanquished.

Notes
Turn   | Place    | Note
-------+----------+-------------------------------------------
     0 | D:1      | GiantSquids the Hill Orc Fighter began the quest for the
                  | Orb.
     0 | D:1      | Reached XP level 1. HP: 19/19 MP: 1/1
   105 | D:1      | Reached skill level 3 in Axes
   175 | D:1      | Reached XP level 2. HP: 26/26 MP: 2/2
   338 | D:1      | Reached skill level 4 in Axes
   546 | D:1      | Reached XP level 3. HP: 29/31 MP: 3/3
   802 | D:2      | Slain by a gnoll

Illustrated notes

Levels and vault maps discovered:
D:1:      dpeg_arrival_boxorama, layout_basic
D:2:      layout_basic, kennysheep_donut, chequers_arboretum,
          nicolae_the_louvre, uniq_sigmund

Skill      XL: |  1  2 |
---------------+-------+-----
Axes           | 3 4 |  4.6
Fighting       | |  3.6
Armour         | |  3.2
Shields        | |  3.2

Action                     || total
---------------------------++-------
  Melee: War axe           ||    77
 Armour: Scale mail        ||    57
  Dodge: Dodged            ||    42
  Block: Buckler           ||    25
